 Dungeon Crawl Stone Soup version 0.21-a0-525-ga34b322 (webtiles) character file.

37 dvd the Digger (level 3, -5/21 HPs)
             Began as an Octopode Earth Elementalist on Dec 7, 2017.
             Slain by Terence
             ... wielding a +0 mace
              (10 damage)
             ... on level 2 of the Dungeon.
             The game lasted 00:04:52 (1097 turns).

dvd the Digger (Octopode Earth Elementalist)        Turns: 1097, Time: 00:04:53

Health: -5/21      AC:  1    Str:  8    XL:     3   Next: 41%
Magic:  0/6        EV: 13    Int: 17    God:
Gold:   30         SH:  0    Dex: 12    Spells: 3/7 levels left

rFire    . . .     SeeInvis .   e - +0 short sword
rCold    . . .     Gourm    .   (no shield)
rNeg     . . .     Faith    .   (helmet restricted)
rPois    .         Spirit   .   (no amulet)
rElec    .         Reflect  .   (no ring)
rCorr    .         Harm     .   (no ring)
MR       .....                  (no ring)
Stlth    +++.......             (no ring)
HPRegen  0.07/turn              (no ring)
MPRegen  0.10/turn              (no ring)
                                (no ring)
                                (no ring)

@: no status effects
A: almost no armour, stealthy swim, amphibious, 8 rings, constrict 8, camouflage
1, gelatinous body 1
a: no special abilities


You were on level 2 of the Dungeon.
You were not hungry.

You visited 1 branch of the dungeon, and saw 2 of its levels.

You collected 30 gold pieces.

Inventory:

Hand Weapons
 e - a +0 short sword (weapon)
Missiles
 b - 50 stones (quivered)
Books
 d - a book of Geomancy

   Spells                             Type                      Level
   a - Sandblast                      Earth                        1
   b - Passwall                       Transmutation/Earth          2
   c - Stone Arrow                    Conjuration/Earth            3
   d - Petrify                        Transmutation/Earth          4
   e - Lee's Rapid Deconstruction     Earth                        5
Comestibles
 c - 2 bread rations


   Skills:
 + Level 0.4 Short Blades
 + Level 2.3 Dodging
 + Level 2.8 Stealth
 + Level 2.5 Spellcasting
   Level 1.0 Transmutations
 + Level 3.6 Earth Magic


You had 3 spell levels left.
You knew the following spells:

 Your Spells              Type           Power        Failure   Level  Hunger
a - Sandblast             Erth           ##....       4%          1    #......
b - Stone Arrow           Conj/Erth      #.....       26%         3    ###....


Dungeon Overview and Level Annotations

Branches:
Dungeon (2/15)

Altars:

Annotations:
D:2 Terence


Innate Abilities, Weirdness & Mutations

You cannot wear most types of armour.
You are very stealthy in the water. (Stealth+)
You are amphibious.
You can wear up to eight rings at the same time.
You can use your tentacles to constrict eight enemies at once.
Your skin changes colour to match your surroundings (Stealth+).
Your rubbery body absorbs attacks. (AC +1, EV +1)


Message History

Casting: Sandblast
Confirm with . or Enter, or press ? or * to list all spells.
Aiming: Sandblast
Press: ? - help, Shift-Dir - straight line, f/p - Terence
Aim: Terence, wielding a mace and wearing a scale mail (severely wounded)
The blast of sand hits Terence.
Terence is severely wounded.
b - 51 stones
Casting: Sandblast
Confirm with . or Enter, or press ? or * to list all spells.
Aiming: Sandblast
Press: ? - help, Shift-Dir - straight line, f/p - Terence
Aim: Terence, wielding a mace and wearing a scale mail (severely wounded)
The blast of sand hits Terence.
Terence is severely wounded.
b - 50 stones Terence closely misses you.
There is a stone staircase leading up here.
Terence hits you with a mace!
You die...

### #@# #@#
########.#
#....o.o.#
#+##'#####
#≈≈≈###
+≈≈≈'o########
#≈≈≈#......).#
##+####......#


You could see Terence and an orc.

Vanquished Creatures
  An ooze (D:2)
  2 dart slugs (D:1)
  A ball python (D:1)
  4 goblins (D:1)
  5 hobgoblins (D:1)
  3 bats (D:1)
  A frilled lizard (D:1)
  6 kobolds (D:1)
  5 rats
28 creatures vanquished.

Notes
Turn   | Place    | Note
-------+----------+-------------------------------------------
     0 | D:1      | dvd the Octopode Earth Elementalist began the quest for the Orb.
     0 | D:1      | Reached XP level 1. HP: 11/11 MP: 3/3
   165 | D:1      | Reached XP level 2. HP: 17/17 MP: 3/5
   611 | D:1      | Reached XP level 3. HP: 21/21 MP: 4/6
   947 | D:1      | Learned a level 3 spell: Stone Arrow
  1071 | D:2      | Noticed Terence
  1097 | D:2      | Slain by Terence

Vault maps used:
D:1:      minmay_arrival_four_loops
D:2:      dancing_weapons_uskayaw, minmay_liquid_box, minmay_misc_feat_rows,
          minmay_misc_feat_pillars, uniq_natasha, uniq_terence

Action                   || total
-------------------------++-------
Melee: Unarmed           ||     3
       Short sword       ||     9
       Constrict         ||     1
 Cast: Sandblast         ||    39
  Eat: Chunk             ||     1
Dodge: Dodged            ||    16

Table legend:
 A = Spawn XP
 B = Non-spawn XP
 C = Spawn XP percentage of total XP
 D = Spawn monster count
 E = Non-spawn monster count
 F = Spawn count percentage of total count
 G = Total turns spent on level
                    A         B        C        D         E        F      G
               +---------+---------+-------+---------+---------+-------+---------
         Total |       0 |      54 |   0.0 |       0 |      28 |   0.0 |  1097
               +---------+---------+-------+---------+---------+-------+---------
           D:1 |       0 |      46 |   0.0 |       0 |      26 |   0.0 |   998
           D:2 |       0 |       8 |   0.0 |       0 |       2 |   0.0 |    99
               +---------+---------+-------+---------+---------+-------+---------
